 Dungeon Crawl Stone Soup version 0.32-a0-732-ga344392067 (webtiles) character file.

Game seed: 18374944911358350931

2124994 MagicSucks the Infernalist (level 27, 271/271 HPs)
             Began as a Naga Alchemist on Mar 15, 2024.
             Was the Champion of Vehumet.
             Escaped with the Orb
             ... and 4 runes on Mar 16, 2024!
             The game lasted 03:11:13 (84253 turns).

MagicSucks the Infernalist (Naga Alchemist)        Turns: 84253, Time: 03:11:14

Health: 271/271    AC: 30    Str: 16    XL:     27
Magic:  58/58      EV: 12    Int: 30    God:    Vehumet [******]
Gold:   2260       SH: 16    Dex: 16    Spells: 17/71 levels left

rFire   + + +        K - staff of Saggeubou {rC+ Dex+4 Conj}
rCold   . . .        X - +5 kite shield {rC+}
rNeg    . . .        U - +3 salamander hide armour {Flames, rFlCloud rF++ rC--}
rPois   +            V - +2 hat
rElec   .            M - +2 cloak {Stlth+}
rCorr   .            s - +1 pair of gloves of Calculation {Rampage}
SInv    +            F - +4 barding
Will    +++++        I - amulet of Iqeduepn {+Inv Will++ Regen+}
Stlth   +            u - ring "Roagh" {MP+9 Str+3 Dex+4}
HPRegen 1.45/turn    N - ring "Rydef" {+Blink rPois rF+ Int+3 Dex-2}
MPRegen 0.36/turn

%: random rage (3%), rampage
@: studying 3 skills, very slow
A: AC +9, large, see invisible, deformed body, poison resistance, slowness 2,
spit poison 1, naga tail 2, antennae 1, berserk 1, clumsy 1, strong-willed 1,
wild magic 1, sturdy frame 1, devolution 1
0: Orb of Zot
}: 4/15 runes: decaying, slimy, silver, gossamer
a: Spit Poison, Renounce Religion, Evoke Blink, Evoke Invisibility


You escaped.
You worshipped Vehumet.
Vehumet was exalted by your worship.
You visited 10 branches of the dungeon, and saw 52 of its levels.
You visited 1 bazaar.
You visited 1 ziggurat, and saw 12 of its levels.
You also visited: Bailey and Gauntlet.

You collected 7262 gold pieces.
You spent 5002 gold pieces at shops.

Inventory:

Missiles
 G - 3 throwing nets
Armour
 r - the +5 Storm Queen's Shield {shock, Fly rElec}
   (You bought it in a shop on level 5 of the Vaults)

   Shock:     When it blocks an attack, it may electrocute the attacker.
   This works even against foes who are a short distance away.
   rElec:     It insulates you from electricity.
   Fly:       It grants you flight.
 s - the +1 pair of gloves of Calculation (worn) {Rampage}
   (You found it on level 4 of the Spider Nest)

   Rampage:   It bestows one free step when moving towards enemies.
 z - the +0 cloak of Mysticism {rN+ rCorr Slay-3 Stlth+}
   (You found it on level 10 of a ziggurat)

   Slay-3:    It affects your accuracy & damage with ranged weapons and melee
   (-3).
   rN+:       It protects you from negative energy.
   rCorr:     It protects you from acid and corrosion.
   Stlth+:    It makes you more stealthy.
 E - the +1 robe of Vines {NoPotionHeal Regen++++}
   (You found it on level 10 of a ziggurat)

   NoPotionHeal: Its wearer cannot be healed by potions.
   Regen++++: It increases your rate of health regeneration.
 F - a +4 barding (worn)
 M - a +2 cloak of stealth (worn)
 U - the +3 salamander hide armour (worn) {Flames, rFlCloud rF++ rC--}
   (You found it on level 11 of the Dungeon)

   Flames:    It surrounds you with flame clouds and enhances your fire magic.
   rFlCloud:  It grants immunity to flame clouds.
   rF++:      It greatly protects you from fire.
   rC--:      It makes you very vulnerable to cold.
 V - a +2 hat (worn)
 X - a +5 kite shield of cold resistance (worn)
Magical Staves
 t - the staffconjuration "Taetoet" {rElec rCorr Conj}
   (You found it on level 4 of a ziggurat)

   [staff of conjuration]

   Base accuracy: +5 Base damage: 5 Base attack delay: 1.2 This weapon's minimum
   attack delay (0.6) is reached at skill level 12.
   rElec:     It insulates you from electricity.
   rCorr:     It protects you from acid and corrosion.
   Conj:      It increases the power of your Conjurations spells.
   It falls into the 'Staves' category.
   It is a one-handed weapon.
 K - the staff of Saggeubou (weapon) {rC+ Dex+4 Conj}
   (You found it on level 2 of the Lair of Beasts)

   [staff of conjuration]

   Base accuracy: +5 Base damage: 5 Base attack delay: 1.2 This weapon's minimum
   attack delay (0.6) is reached at skill level 12.
   Dex+4:     It affects your dexterity (+4).
   rC+:       It protects you from cold.
   Conj:      It increases the power of your Conjurations spells.
   It falls into the 'Staves' category.
   It is a one-handed weapon.
Jewellery
 f - the ring "Waibruq" {Ice +Blink rElec Dex+2}
   (You took it off Josephina on level 3 of the Depths)

   [ring of ice]

   Ice:       It enhances your ice magic.
   Dex+2:     It affects your dexterity (+2).
   rF-:       It makes you vulnerable to fire.
   rC+:       It protects you from cold.
   rElec:     It insulates you from electricity.
   +Blink:    It lets you blink.
 h - a ring of protection from cold
 l - the ring "Dexiucuwo" {^Drain rPois Will+ rCorr Stlth+}
   (You took it off a deep elf master archer on level 3 of the Elven Halls)

   [ring of willpower]

   rPois:     It protects you from poison.
   Will+:     It increases your willpower.
   rCorr:     It protects you from acid and corrosion.
   ^Drain:    It drains your maximum health when unequipped.
   Stlth+:    It makes you more stealthy.
 m - a ring of protection from fire
 o - the ring of Ibbi Wics {*Slow rElec rF+ MP+9 Str+2 Int+6}
   (You found it on level 5 of the Pits of Slime)

   [ring of intelligence]

   Str+2:     It affects your strength (+2).
   Int+6:     It affects your intelligence (+6).
   rF+:       It protects you from fire.
   rElec:     It insulates you from electricity.
   MP+9:      It affects your magic capacity (+9).
   *Slow:     It may slow you when you take damage.
 u - the ring "Roagh" (left hand) {MP+9 Str+3 Dex+4}
   (You found it on level 4 of the Realm of Zot)

   [ring of magical power]

   Str+3:     It affects your strength (+3).
   Dex+4:     It affects your dexterity (+4).
   MP+9:      It affects your magic capacity (+9).
 I - the amulet of Iqeduepn (around neck) {+Inv Will++ Regen+}
   (You bought it in a shop on level 2 of the Vaults)

   [amulet of regeneration]

   Will++:    It greatly increases your willpower.
   +Inv:      It lets you turn invisible.
   Regen+:    It increases your rate of health regeneration.
 N - the ring "Rydef" (right hand) {+Blink rPois rF+ Int+3 Dex-2}
   (You found it on level 1 of the Elven Halls)

   [ring of protection from fire]

   Int+3:     It affects your intelligence (+3).
   Dex-2:     It affects your dexterity (-2).
   rF+:       It protects you from fire.
   rPois:     It protects you from poison.
   +Blink:    It lets you blink.
 S - a ring of wizardry
Wands
 v - a wand of warping (97)
 D - a wand of digging (30)
 Z - a wand of acid (14)
Scrolls
 a - 13 scrolls of fear
 d - 2 scrolls of blinking
 g - 4 scrolls of revelation
 j - 16 scrolls of teleportation
 n - 4 scrolls of noise
 w - 6 scrolls of silence
 x - 13 scrolls of fog
 y - 7 scrolls of poison
 C - 3 scrolls of enchant armour
 L - 9 scrolls of immolation
 Q - a scroll of brand weapon
 R - 4 scrolls of amnesia
 W - 2 scrolls of torment
 Y - 3 scrolls of summoning
Potions
 b - 2 potions of magic
 c - 5 potions of resistance
 e - 8 potions of heal wounds
 i - 7 potions of cancellation
 k - 5 potions of ambrosia
 p - 3 potions of invisibility
 q - 16 potions of lignification
 A - 8 potions of brilliance
 B - 33 potions of curing
 H - 4 potions of berserk rage
 J - 7 potions of haste
 O - 9 potions of mutation
 P - 7 potions of might
 T - 8 potions of enlightenment


   Skills:
 + Level 20.7 Fighting
 - Level 6.1 Armour
 - Level 12.1 Dodging
 - Level 3.0 Stealth
 - Level 9.0 Shields
 + Level 22.7 Spellcasting
 + Level 24.5 Conjurations
 O Level 27 Fire Magic
 - Level 7.0 Earth Magic
 - Level 8.3 Alchemy


You had 17 spell levels left.
You knew the following spells:

 Your Spells              Type           Power      Damage    Failure   Level
a - Spellforged Servitor  Conj/Summ      59%        N/A       4%          7
c - Orb of Destruction    Conj           75%        9d17      1%          7
d - Bombard               Conj/Erth      64%        9d11      1%          6
e - Apportation           Tloc           88%        N/A       4%          1
f - Arcjolt               Conj/Air       59%        1d69      1%          5
g - Fireball              Conj/Fire      89%        3d33      1%          5
h - Starburst             Conj/Fire      89%        6d22      1%          6
j - Ignition              Fire           77%        3d20      1%          8
k - Fire Storm            Conj/Fire      89%        8d23      2%          9

Your spell library contained the following spells:

 Spells                   Type           Power      Damage    Failure   Level
 Polar Vortex             Ice            22%        12d2*     100%        9
 Shatter                  Erth           39%        3d31*     100%        9
 Foxfire                  Conj/Fire      100%       2x1d9     1%          1
 Freeze                   Ice            100%       1d10      1%          1
 Magic Dart               Conj           100%       1d8       1%          1
 Sandblast                Erth           100%       2d20      1%          1
 Sting                    Conj/Alch      100%       1d9       1%          1
 Mercury Vapours          Alch/Air       100%       N/A       1%          2
 Static Discharge         Conj/Air       100%       3-8/arc   1%          2
 Dazzling Flash           Conj/Hex       100%       N/A       1%          3
 Inner Flame              Hex/Fire       100%       N/A       1%          3
 Mephitic Cloud           Conj/Alch/Air  100%       N/A       1%          3
 Passwall                 Erth           79%        N/A       1%          3
 Stone Arrow              Conj/Erth      100%       3d13      1%          3
 Volatile Blastmotes      Fire/Tloc      100%       2d18      1%          3
 Brom's Barrelling Bould  Conj/Erth      100%       2d11      1%          4
 Flame Wave               Conj/Fire      100%       2d21      1%          4
 Fulminant Prism          Conj/Alch      65%        3d28      1%          4
 Ignite Poison            Fire/Alch      100%       N/A       1%          4
 Iskenderun's Mystic Bla  Conj/Tloc      100%       2d19      1%          4
 Leda's Liquefaction      Alch/Erth      40%        N/A       1%          4
 Olgreb's Toxic Radiance  Alch           83%        N/A       1%          4
 Petrify                  Alch/Erth      81%        N/A       1%          4
 Sticky Flame             Fire/Alch      100%       2d15      1%          4
 Summon Blazeheart Golem  Fire/Summ      100%       N/A       1%          4
 Freezing Cloud           Conj/Ice/Air   52%        6-21      1%          5
 Irradiate                Conj/Alch      65%        3d33      1%          5
 Iskenderun's Battlesphe  Conj           100%       2d15      1%          5
 Lee's Rapid Deconstruct  Erth           39%        3d19*     1%          5
 Conjure Ball Lightning   Conj/Air       59%        3x3d21    1%          6
 Plasma Beam              Fire/Air       61%        2x1d77    1%          6
 Cigotuvi's Dreadful Rot  Necr/Alch/Air  100%       N/A       2%          2
 Alistair's Intoxication  Alch           55%        N/A       3%          5
 Necrotise                Necr           100%       1d9       4%          1
 Slow                     Hex            100%       N/A       4%          1
 Summon Small Mammal      Summ           100%       N/A       4%          1
 Eringya's Noxious Bog    Alch           41%        4d6       4%          6
 Blink                    Tloc           88%        N/A       5%          2
 Call Imp                 Summ           88%        N/A       5%          2
 Ensorcelled Hibernation  Hex/Ice        88%        N/A       5%          2
 Jinxbite                 Hex            88%        N/A       5%          2
 Lesser Beckoning         Tloc           88%        N/A       5%          2
 Sublimation of Blood     Necr           44%        N/A       5%          2
 Airstrike                Air            22%        2d(4-20)  9%          4
 Animate Armour           Summ/Erth      100%       N/A       9%          4
 Lehudib's Crystal Spear  Conj/Erth      64%        10d15     9%          8
 Call Canine Familiar     Summ           44%        N/A       11%         3
 Confusing Touch          Hex            44%        N/A       11%         3
 Fugue of the Fallen      Necr           44%        N/A       11%         3
 Gell's Gravitas          Tloc           44%        N/A       11%         3
 Ozocubu's Armour         Ice            44%        N/A       11%         3
 Sigil of Binding         Hex            44%        N/A       11%         3
 Summon Ice Beast         Ice/Summ       44%        N/A       11%         3
 Swiftness                Air            44%        N/A       11%         3
 Teleport Other           Tloc           44%        N/A       11%         3
 Tukima's Dance           Hex            44%        N/A       11%         3
 Vampiric Draining        Necr           44%        2d9       11%         3
 Borgnjor's Vile Clutch   Necr/Erth      32%        N/A       21%         5
 Permafrost Eruption      Ice/Erth       32%        2x4d10    26%         6
 Animate Dead             Necr           44%        N/A       30%         4
 Dimensional Bullseye     Hex/Tloc       22%        N/A       30%         4
 Manifold Assault         Tloc           44%        N/A       30%         4
 Passage of Golubria      Tloc           44%        N/A       30%         4
 Summon Lightning Spire   Summ/Air       44%        N/A       30%         4
 Curse of Agony           Necr           44%        N/A       61%         5
 Metabolic Englaciation   Hex/Ice        22%        N/A       61%         5
 Silence                  Hex/Air        22%        N/A       61%         5
 Sculpt Simulacrum        Ice/Alch       33%        N/A       63%         6
 Death Channel            Necr           22%        N/A       99%         6
 Dispersal                Tloc           22%        N/A       99%         6
 Ozocubu's Refrigeration  Ice            22%        4d12      99%         7
 Haunt                    Necr/Summ      22%        N/A       100%        7
 Malign Gateway           Summ/Tloc      22%        N/A       100%        7
 Summon Hydra             Summ           22%        N/A       100%        7
 Discord                  Hex            22%        N/A       100%        8
 Disjunction              Tloc           22%        N/A       100%        8
 Infestation              Necr           22%        N/A       100%        8
 Summon Horrible Things   Summ           22%        N/A       100%        8
 Dragon's Call            Summ           22%        N/A       100%        9


Dungeon Overview and Level Annotations

Branches:
Dungeon (15/15)            Temple (0/1) D:7            Lair (5/5) D:10
  Swamp (4/4) Lair:2       Spider (4/4) Lair:3        Slime (5/5) Lair:4
    Orc (2/2) D:11            Elf (3/3) Orc:2        Vaults (5/5) D:13
  Crypt (0/3) Vaults:2     Depths (4/4) D:15            Zot (5/5) Depths:4
 Bailey (visited)         Gauntlet (visited)

Altars:
Dithmenos
Fedhas
Kikubaaqudgha
Nemelex Xobeh
Okawaru
Qazlal
Ru
Sif Muna
Trog
Uskayaw
Vehumet
Wu Jian
Yredelemnul
Beogh

Shops:
D:11 [*   D:12 !   Orc:2 (*(:   Vaults:1 (   Vaults:2 =   Vaults:4 (
Vaults:5 [   Depths:1 !   Depths:4 (*([

Portals:
Hell: Depths:1 Depths:2 Depths:3 Depths:4
Abyss: Depths:2 Depths:3
Pandemonium: Depths:2 Depths:4

Annotations:
D:4 exclusion: phantom
Spider:1 2 runed translucent doors, Motium's ghost, adept SpEn
Depths:3 2 transporters


Innate Abilities, Weirdness & Mutations

Your serpentine skin is tough. (AC +9)
You have supernaturally acute eyesight. (SInv)
Armour fits poorly on your strangely shaped body.
Your system is resistant to poisons. (rPois)
You cover ground very slowly.
You can spit poison.
You can use your snake-like lower body to constrict enemies.
You have a pair of small antennae on your head.
You sometimes lose your temper in combat.
You are clumsy. (Dex -2)
You are strong-willed. (Will+)
Your spells are a little harder to cast, but a little more powerful.
Your movements are slightly less encumbered by armour. (ER -2)
You have hidden genetic defects.


Message History

You feel your power returning.
You hear a screech!
The cacodemon gestures at you.
Strange energies course through your body.
You feel a hidden malignance growing inside you.
Vehumet accepts your kill.
You feel a bit more experienced.
Unknown command.
The cacodemon is engulfed in blazing flames.
You kill the cacodemon!
Vehumet accepts your kill.
You feel your power returning.
Your fire vortex hits the sixfirhy.
Your fire vortex burns the sixfirhy!
Your fire vortex dissipates!
You rampage towards the sixfirhy!
You hit the sixfirhy but do no damage.
You blast the sixfirhy!
Your grab misses the sixfirhy.
The sixfirhy is heavily wounded.
The sixfirhy is engulfed in blazing flames. x4
You block the sixfirhy's attack.
The sixfirhy is engulfed in blazing flames.
You block the sixfirhy's attack.
The sixfirhy is engulfed in blazing flames.
The sixfirhy barely misses you.
Your fire vortex hits the sixfirhy.
Your fire vortex burns the sixfirhy!
The sixfirhy dies!
Vehumet accepts your kill.
Your fire vortex dissipates!
No target in view!
Unknown command.
Magic restored.
There is a stone staircase leading up here.
You climb upwards.
There is a stone staircase leading down, spattered with blood here.
Aiming: Dig
Press: ? - help, Shift-Dir - straight line A rock wall.
This square is covered in magical glow.
The rock shatters into small pieces.
There is a staircase leading out of the dungeon here.
You have escaped!

###...########## #..
####...#..........######'
####....##..................
##....#####.#.#>#.#..........
#..÷#######.#.###.#..........
#.#>...........#.............
#...#######...###............
###.# #.### ###.######'#. #.#
####○@## ##.## #.#.
######.####...°#°# ##>..#####.#.
#...†....##.##.>## #.#......#.#.
##......#.##.##.## ##..#....+.#.
........#.##.##.### ###.#....###.
........#....##...###...#....###.
........####.##..^.#....#........
........# #.##.#.###.#.###......
........####.##.#.#>#.#.# ###....


There were no monsters in sight!

Vanquished Creatures
  the Royal Jelly (Slime:5)
  2 seraphim
  Mara (Spider:4)
  9 orbs of fire
  4 dread liches
  2 ancient liches
  3 pandemonium lords
  Josephina (Depths:3)
  Sojobo (Depths:1)
  Boris (Vaults:2)
  Bai Suzhen (Elf:3)
  Saint Roka (Vaults:1)
  4 Killer Klowns
  the Lernaean hydra (Swamp:4)
  6 caustic shrikes
  6 curse toes
  Nikola (Spider:4)
  8 golden dragons
  A profane servitor (D:4)
  Norris (Vaults:1)
  Arachne (Spider:4)
  10 electric golems
  2 Brimstone Fiends (Zig:12)
  Zenata (Elf:3)
  A Hell Sentinel (Zig:12)
  21 tentacled monstrosities
  4 Ice Fiends
  10 quicksilver dragons
  27 Orb Guardians
  A walking divine tome (Depths:2)
  10 titans
  4 deep elf blademasters
  4 deep elf master archers (Elf:3)
  4 liches
  16 death cobs
  The ghost of GrimJard the Eclecticist, an adept GrEE of Vehumet (Swamp:2)
  17 acid blobs
  5 Executioners
  9 sphinxes
  Gastronok (D:9)
  10 shadow dragons
  10 tengu reavers
  12 azure jellies
  16 storm dragons
  Roxanne (Swamp:4)
  A thorn hunter (Swamp:3)
  A demonspawn warmonger (Zig:12)
  19 rockslimes
  5 draconian monks
  11 fire giants
  3 draconian scorchers
  4 narguns (Zig:10)
  A fire giant (shapeshifter) (Zig:9)
  A fenstrider witch (Swamp:4)
  2 iron dragons
  9 protean progenitors
  11 frost giants
  3 balrugs
  3 draconian knights
  10 deep elf sorcerers
  7 draconian shifters
  2 deep elf elementalists (Elf:3)
  Louise (Spider:4)
  6 ghost moths
  18 vault wardens
  An angel (D:13)
  6 emperor scorpions
  21 ironbound preservers
  2 ghouls (Swamp:1)
  5 cacodemons
  2 draconian stormcallers
  2 draconian annihilators
  15 stone giants
  4 spriggan defenders (Depths:4)
  28 very ugly things
  A demonspawn blood saint (Zig:12)
  3 broodmothers
  7 formless jellyfish
  13 quicksilver oozes
  14 ironbound thunderhulks
  2 grey draconians (Depths:4)
  6 eleionomae
  Nessos (Lair:5)
  4 vampire knights
  5 deep elf demonologists
  8 deep elf death magi
  6 black draconians
  6 deep elf annihilators
  9 dire elephants
  2 war gargoyles
  5 yellow draconians
  6 white draconians
  12 red draconians
  2 lorocyprocas
  4 wendigos (Zig:10)
  4 bunyips
  Azrael (Spider:1)
  3 blizzard demons
  11 purple draconians
  18 green draconians
  A minotaur (Gauntlet)
  9 spark wasps
  An eidolon (Vaults:2)
  13 ettins
  4 green deaths
  7 entropy weavers
  2 shambling mangroves
  8 fire dragons
  A crystal guardian (Vaults:3)
  6 deep elf high priests
  A spectral fenstrider witch (Swamp:2)
  19 yaktaur captains
  39 vault guards
  A peacekeeper (Vaults:3)
  A salamander tyrant (Zig:3)
  8 great orbs of eyes
  9 ice dragons
  A hell beast (Depths:4)
  5 ghost crabs
  14 hydras
  A hydra (shapeshifter) (Zig:9)
  A merfolk avatar (Lair:5)
  15 boulder beetles
  4 rakshasas
  3 ogre magi
  7 ironbound frosthearts
  A sphinx zombie (Vaults:1)
  5 spriggan air magi
  17 centaur warriors
  A two-headed ogre (D:13)
  A death scarab (Spider:4)
  A death knight (Vaults:2)
  13 alligators
  5 tengu warriors
  A sphinx skeleton (D:15)
  17 dancing weapons (Elf:2)
  3 vampire magi
  4 deep troll earth magi
  2 orc high priests (Vaults:1)
  2 shock serpents
  3 hell hogs (D:4)
  11 deep troll shamans
  7 demonic crawlers
  5 spriggan berserkers
  A naga warrior (Zig:3)
  2 sun demons
  Sonja (Lair:4)
  4 occultists
  9 deep elf knights
  2 soul eaters (Depths:4)
  A salamander mystic (D:11)
  8 skysharks
  5 goliath frogs
  8 skeletal warriors (D:15)
  2 death drakes
  A sixfirhy (D:14)
  6 pharaoh ants
  6 glowing orange brains
  5 iron trolls
  A mana viper (shapeshifter) (Vaults:5)
  6 orb spiders
  An orb spider (shapeshifter) (Vaults:5)
  19 swamp dragons
  A flayed ghost (Depths:4)
  3 spriggan druids
  An iron troll (shapeshifter) (Zig:9)
  6 arcanists
  10 bog bodies
  53 deep trolls
  A storm dragon skeleton (D:15)
  18 ironbound convokers
  3 sun moths
  6 deep elf archers
  2 wolf spider zombies (Gauntlet)
  13 phantasmal warriors
  14 lindwurms
  A golden dragon skeleton (Depths:2)
  6 thermic dynamos
  8 harpies
  7 necromancers
  9 orc knights
  21 deep elf pyromancers
  A shadow dragon skeleton (Vaults:3)
  23 wolf spiders
  2 steelbarb worms
  4 orc sorcerers
  35 ugly things
  A steelbarb worm (shapeshifter) (Vaults:5)
  17 deep elf zephyrmancers
  A spectral spriggan (Swamp:2)
  A frost giant zombie (Depths:2)
  A will-o-the-wisp (Swamp:1)
  6 shining eyes
  A tengu skeleton (Vaults:1)
  A salamander (D:11)
  4 cyclopes
  3 manticores
  The ghost of mopl the Insei, a novice DjSh (D:7)
  A spectral centaur (Gauntlet)
  2 shining eyes (shapeshifter)
  A meliai (shapeshifter) (D:15)
  5 elephants
  A cyclops (shapeshifter) (Zig:8)
  23 vault sentinels
  31 moths of wrath
  6 meliai (Spider:3)
  A centaur zombie (Gauntlet)
  6 black mambas
  6 eyes of devastation
  A gargoyle (D:13)
  5 kobold blastminers
  A black mamba (shapeshifter) (Vaults:5)
  An apocalypse crab (Zig:9)
  4 orange demons
  2 ice statues (Spider:4)
  Maggie (Lair:1)
  A kobold demonologist (D:9)
  3 smoke demons
  A large abomination (D:7)
  9 torpor snails
  A hellion (Zig:12)
  10 cane toads
  A bunyip simulacrum (Swamp:2)
  50 yaktaurs
  4 rime drakes
  2 unseen horrors
  An efreet (D:14)
  A human zombie (Vaults:3)
  A spark wasp simulacrum (Depths:3)
  2 freezing wraiths
  A tormentor (Zig:10)
  14 komodo dragons
  2 tengu conjurers (Depths:1)
  10 human skeletons
  5 bloated husks
  11 trolls
  25 tarantellas
  7 polar bears
  14 tyrant leeches
  A tengu simulacrum (Zig:10)
  2 shadow dragon simulacra (Depths:3)
  A wind drake (Lair:5)
  25 hornets
  A raiju (Zig:7)
  5 dream sheep (Lair:5)
  27 blink frogs
  A snapping turtle (Lair:5)
  A dream sheep (shapeshifter) (Zig:4)
  7 glass eyes
  24 jumping spiders
  A jumping spider (shapeshifter) (Depths:2)
  86 slime creatures
  7 air elementals
  14 spriggans
  14 culicivoras
  3 wraiths
  Sigmund (D:4)
  7 water elementals
  4 fire elementals
  10 wyverns
  30 yaks
  15 basilisks
  9 golden eyes
  5 steam dragons
  Edmund (D:4)
  43 redbacks
  32 vampire mosquitoes
  2 wargs
  2 chaos spawn (Zig:9)
  2 elf skeletons
  20 swamp worms
  10 water moccasins
  3 hell hounds (Spider:1)
  2 hydra simulacra (Swamp:2)
  A glowing shapeshifter skeleton (Depths:2)
  An acid dragon (D:11)
  An ice beast (D:7)
  An ice beast (shapeshifter) (Elf:2)
  4 sky beasts
  9 swamp drakes
  2 black bears
  43 orc warriors
  2 laughing skulls (D:15)
  4 boggarts (Vaults:1)
  An ogre (shapeshifter) (Zig:9)
  A wolf (Lair:2)
  24 centaurs
  6 ogres
  4 kobold brigands
  2 earth elementals
  19 bullfrogs
  A gnoll sergeant (D:10)
  2 glowing shapeshifter simulacra (Depths:3)
  2 scorpions
  13 wights
  8 killer bees
  4 electric eels
  6 howler monkeys
  2 quasits (D:7)
  4 hounds
  2 bombardier beetles
  4 jellies
  19 orc priests
  3 sleepcaps
  2 iguanas
  Ijyb (D:3)
  21 orc wizards
  7 gnolls
  7 adders
  2 shadow imps
  A white imp (D:7)
  A howler monkey simulacrum (D:9)
  2 ufetubi (D:7)
  5 dart slugs
  96 orcs
  4 ball pythons
  6 bats
  12 endoplasms
  3 giant cockroaches
  7 goblins
  4 hobgoblins
  4 jackals (D:1)
  7 quokkas
  6 frilled lizards
  20 kobolds
  7 rats
  13 aspiring fleshes
  5 butterflies
  A spectral weapon (Elf:3)
2394 creatures vanquished.

Vanquished Creatures (collateral kills)
  A rockslime (Slime:5)
  A cacodemon (D:10)
  A green draconian (Zot:5)
  A red draconian (Zot:2)
  A sixfirhy (D:2)
  A bullfrog (D:7)
  An endoplasm (D:4)
7 creatures vanquished.

Vanquished Creatures (others)
  A dire elephant (Vaults:2)
  A ghost crab (Swamp:1)
  A death drake (Swamp:1)
  A will-o-the-wisp (Swamp:1)
  A yaktaur (D:15)
  A troll (D:7)
  3 bloated husks
  A swamp worm (Swamp:1)
  83 fire vortices
  14 foxfires (Swamp:1)
107 creatures vanquished.

Grand Total: 2508 creatures vanquished

Notes
Turn   | Place    | Note
-------+----------+-------------------------------------------
     0 | D:1      | MagicSucks the Naga Alchemist began the quest for the Orb.
     0 | D:1      | Reached XP level 1. HP: 15/15 MP: 3/3
   169 | D:1      | Reached XP level 2. HP: 22/22 MP: 3/5
   172 | D:1      | Learned a level 2 spell: Mercury Vapours
   552 | D:1      | Reached XP level 3. HP: 28/28 MP: 4/6
  1245 | D:2      | Reached XP level 4. HP: 35/36 MP: 2/7
  1384 | D:2      | Learned a level 4 spell: Olgreb's Toxic Radiance
  1438 | D:2      | Noticed an ogre
  1455 | D:2      | Killed an ogre
  1456 | D:2      | Reached skill level 5 in Alchemy
  1456 | D:2      | Reached XP level 5. HP: 24/42 MP: 0/9
  2046 | D:3      | Noticed Ijyb
  2062 | D:3      | Killed Ijyb
  2063 | D:3      | Reached XP level 6. HP: 42/49 MP: 6/10
  2110 | D:3      | Found a roughly hewn altar of Beogh.
  2260 | D:3      | Found a blossoming altar of Fedhas.
  2598 | D:3      | Found a bloodstained altar of Trog.
  2607 | D:3      | Identified the ring "Gauged" {rPois SInv}
  2621 | D:3      | Identified 2 scrolls of acquirement
  2621 | D:3      | Acquired the staff of Elodi {Int+2 Conj}
  2625 | D:3      | Acquired a staff of alchemy
  2824 | D:4      | Noticed Sigmund
  2834 | D:4      | Killed Sigmund
  2835 | D:4      | Reached XP level 7. HP: 46/55 MP: 6/12
  2993 | D:4      | Found an iron altar of Okawaru.
  3254 | D:4      | Found a hide-covered altar of Uskayaw.
  3258 | D:4      | Noticed Edmund
  3313 | D:4      | Killed Edmund
  3489 | D:4      | Reached skill level 5 in Conjurations
  4096 | D:5      | Entered Level 5 of the Dungeon
  4171 | D:5      | Reached XP level 8. HP: 62/62 MP: 8/14
  4600 | D:5      | Found a basalt altar of Yredelemnul.
  4605 | D:5      | Found a radiant altar of Vehumet.
  4689 | D:5      | Became a worshipper of Vehumet
  5622 | D:6      | Reached skill level 1 in Fighting
  6154 | D:6      | Reached skill level 5 in Spellcasting
  6154 | D:6      | Reached XP level 9. HP: 74/74 MP: 9/16
  6159 | D:6      | Learned a level 4 spell: Sticky Flame
  6499 | D:6      | Noticed a komodo dragon
  6660 | D:6      | Killed a komodo dragon
  6716 | D:6      | Found an ornate altar of the Wu Jian Council.
  6790 | D:6      | You fall into a shaft and drop 2 floors!
  6872 | D:7      | Found a transporter.
  7207 | D:7      | Noticed a troll
  7207 | D:7      | Noticed a hornet
  7220 | D:7      | Killed a hornet
  7221 | D:7      | Reached * piety under Vehumet
  7221 | D:7      | Offered knowledge of Shock by Vehumet.
  7389 | D:7      | Noticed mopl's ghost (novice DjSh)
  7424 | D:7      | Reached skill level 1 in Fire Magic
  7618 | D:7      | Noticed an unseen horror
  7624 | D:7      | Killed an unseen horror
  7695 | D:7      | Found a staircase to the Ecumenical Temple.
  7712 | D:7      | Reached skill level 2 in Fire Magic
  7712 | D:7      | Reached XP level 10. HP: 85/85 MP: 12/19
  8184 | D:7      | Found a sacrificial altar of Ru.
  8324 | D:7      | Found a transporter.
  8448 | D:7      | Identified the +5 flail "Xiqoshri" {heavy, +Blink rPois
                  | Dex-2 SInv}
  8712 | D:8      | Reached skill level 3 in Fire Magic
  8924 | D:8      | Learned a level 3 spell: Stone Arrow
  8931 | D:8      | Reached skill level 10 in Conjurations
  9362 | D:9      | Found a flagged portal.
  9382 | Bailey   | Entered a bailey
  9620 | Bailey   | Reached skill level 1 in Earth Magic
  9650 | Bailey   | Offered knowledge of Freeze by Vehumet.
  9654 | Bailey   | Reached ** piety under Vehumet
 10004 | Bailey   | Reached skill level 5 in Fighting
 10734 | D:9      | Offered knowledge of Searing Ray by Vehumet.
 10798 | D:9      | Found a sparkling altar of Nemelex Xobeh.
 10844 | D:9      | Reached XP level 11. HP: 89/96 MP: 18/22
 10849 | D:9      | Noticed Gastronok
 10870 | D:9      | Killed Gastronok
 11044 | D:9      | Noticed a centaur warrior
 11049 | D:10     | Entered Level 10 of the Dungeon
 11226 | D:9      | Killed a centaur warrior
 11678 | D:9      | Reached *** piety under Vehumet
 11817 | D:9      | Reached skill level 5 in Earth Magic
 11880 | D:9      | Noticed a cyclops
 11884 | D:9      | Killed a cyclops
 12075 | D:9      | Offered knowledge of Iskenderun's Mystic Blast by Vehumet.
 12443 | D:9      | Noticed a deep elf pyromancer
 12445 | D:9      | Killed a deep elf pyromancer
 12507 | D:10     | Found a staircase to the Lair.
 12803 | D:10     | Reached XP level 12. HP: 89/109 MP: 21/24
 13192 | D:10     | Reached **** piety under Vehumet
 13346 | D:10     | Found an ancient bone altar of Kikubaaqudgha.
 13695 | D:11     | Found a staircase to the Orcish Mines.
 13701 | D:11     | Offered knowledge of Frozen Ramparts by Vehumet.
 14246 | D:11     | Identified the +2 demon trident of the Maze {freeze, Dex+3
                  | SInv}
 14489 | D:11     | Found Kiozaogu's Antique Armour Shoppe.
 14566 | D:11     | Found Waofoel's Assorted Antiques.
 15200 | D:11     | Found the +3 salamander hide armour {Flames, rFlCloud rF++
                  | rC--}
 15314 | D:11     | Reached skill level 1 in Armour
 15541 | Lair:1   | Entered Level 1 of the Lair of Beasts
 15931 | Lair:1   | Reached skill level 1 in Shields
 16262 | Lair:1   | Reached skill level 10 in Spellcasting
 16428 | Lair:1   | Found a shadowy altar of Dithmenos.
 16535 | Lair:1   | Gained mutation: You can use your snake-like lower body to
                  | constrict enemies. [Naga growth]
 16535 | Lair:1   | Reached XP level 13. HP: 115/115 MP: 17/27
 16908 | Lair:1   | Noticed Maggie
 16911 | Lair:1   | Killed Maggie
 17082 | Lair:2   | Reached ***** piety under Vehumet
 17206 | Lair:2   | Offered knowledge of Arcjolt by Vehumet.
 17720 | Lair:2   | Learned a level 5 spell: Arcjolt
 17791 | Lair:2   | You fall into a shaft and drop 1 floor!
 18571 | Lair:3   | Found a hole to the Spider Nest.
 18965 | Lair:2   | Reached skill level 5 in Shields
 18967 | Lair:2   | Identified the staff of Saggeubou {rC+ Dex+4 Conj}
 19587 | Lair:2   | Found a staircase to the Swamp.
 20301 | Lair:4   | Reached XP level 14. HP: 123/123 MP: 25/30
 20449 | Lair:4   | Noticed Sonja
 20454 | Lair:4   | Killed Sonja
 20518 | Lair:4   | Identified the +7 hand axe of Foizofie {protect, MP+9
                  | Str+3}
 21193 | Lair:4   | Found a staircase to the Slime Pits.
 21510 | Lair:5   | Entered Level 5 of the Lair of Beasts
 22020 | Lair:5   | Noticed Nessos
 22034 | Lair:5   | Killed Nessos
 22378 | Lair:5   | Offered knowledge of Fireball by Vehumet.
 23559 | Lair:5   | Learned a level 5 spell: Fireball
 24038 | D:12     | Found Viexoxku's Distillery.
 24044 | D:12     | Bought a potion of haste for 160 gold pieces
 24044 | D:12     | Bought a potion of heal wounds for 80 gold pieces
 24442 | D:13     | Found a gate to the Vaults.
 24460 | D:13     | Reached skill level 4 in Fire Magic
 24460 | D:13     | Reached XP level 15. HP: 116/129 MP: 4/33
 25757 | D:14     | Reached skill level 5 in Fire Magic
 25796 | D:14     | Found a gate leading to a gauntlet.
 25869 | Gauntlet | Entered a Gauntlet
 25869 | Gauntlet | Found a transporter.
 25869 | Gauntlet | Found a transporter.
 25870 | Gauntlet | Found a transporter.
 25870 | Gauntlet | Found a transporter.
 25873 | Gauntlet | Found a transporter.
 25886 | Gauntlet | Found a transporter.
 25888 | Gauntlet | Found a large runed translucent door.
 25888 | Gauntlet | Found a large runed translucent door.
 25889 | Gauntlet | Found a large runed translucent door.
 25889 | Gauntlet | Found a large runed translucent door.
 25890 | Gauntlet | Found a large runed translucent door.
 25890 | Gauntlet | Found a large runed translucent door.
 25890 | Gauntlet | Found a large runed translucent door.
 25890 | Gauntlet | Found a large runed translucent door.
 25891 | Gauntlet | Found a runed translucent door.
 25891 | Gauntlet | Found a runed translucent gate.
 25905 | Gauntlet | Found a transporter.
 25927 | Gauntlet | Found a transporter.
 25927 | Gauntlet | Found a runed translucent gate.
 25928 | Gauntlet | Found a runed translucent gate.
 25929 | Gauntlet | Found a large runed translucent door.
 25930 | Gauntlet | Found a large runed translucent door.
 25931 | Gauntlet | Found a large runed translucent door.
 25938 | Gauntlet | Found a large runed translucent door.
 25940 | Gauntlet | Found a large runed translucent door.
 25940 | Gauntlet | Found a large runed translucent door.
 25940 | Gauntlet | Found a runed translucent door.
 25941 | Gauntlet | Found a large runed translucent door.
 25942 | Gauntlet | Found a large runed translucent door.
 25944 | Gauntlet | Found a transporter.
 25952 | Gauntlet | Found a transporter.
 25970 | Gauntlet | Found a transporter.
 26027 | Gauntlet | Found a transporter.
 26205 | Gauntlet | Identified the scarf "Xescheu Besa" {+Inv, rPois Int+2
                  | Dex-5}
 27028 | D:14     | Found a shimmering blue altar of Sif Muna.
 27115 | D:15     | Entered Level 15 of the Dungeon
 27393 | D:15     | Found a staircase to the Depths.
 27505 | D:15     | Reached skill level 15 in Spellcasting
 27775 | D:15     | Found a stormy altar of Qazlal.
 28037 | D:15     | Offered knowledge of Bombard by Vehumet.
 28259 | D:15     | Reached skill level 6 in Fire Magic
 29022 | D:15     | Learned a level 6 spell: Starburst
 29267 | Orc:1    | Entered Level 1 of the Orcish Mines
 29432 | Orc:1    | Upgraded the game from 0.32-a0-711-g016ad743e0 to
                  | 0.32-a0-732-ga344392067
 29444 | Orc:2    | Entered Level 2 of the Orcish Mines
 29452 | Orc:2    | Found a staircase to the Elven Halls.
 29460 | Orc:2    | Learned a level 6 spell: Plasma Beam
 29584 | Orc:2    | Reached XP level 16. HP: 94/144 MP: 19/35
 30765 | Orc:2    | Found Ciusar's Weapon Shop.
 30765 | Orc:2    | Found Voije's General Store.
 30767 | Orc:2    | Found Ateus's Antique Weapon Shoppe.
 30769 | Orc:2    | Found Kohoat's Book Boutique.
 31214 | Spider:1 | Entered Level 1 of the Spider Nest
 31235 | Spider:1 | Reached skill level 7 in Fire Magic
 31238 | Spider:1 | Noticed Azrael
 31248 | Spider:1 | Killed Azrael
 32158 | Spider:1 | Found a large runed translucent door.
 32159 | Spider:1 | Found a large runed translucent door.
 32161 | Spider:1 | Noticed Motium's ghost (adept SpEn)
 32582 | Spider:2 | Reached skill level 10 in Fighting
 32593 | Spider:2 | Reached ****** piety under Vehumet
 32599 | Spider:2 | Reached skill level 8 in Fire Magic
 32683 | Spider:1 | Learned a level 6 spell: Bombard
 32790 | Spider:2 | Offered knowledge of Permafrost Eruption by Vehumet.
 32945 | Spider:2 | Identified the +6 flail "Hatt" {spect, Will- Str+3 Dex+3
                  | SInv}
 33278 | Spider:2 | Found a transporter.
 33281 | Spider:2 | Found a transporter.
 33367 | Spider:3 | Reached XP level 17. HP: 132/153 MP: 22/38
 33373 | Spider:3 | Reached skill level 9 in Fire Magic
 33503 | Spider:3 | Identified the +5 plate armour "Cucviowu" {Harm rCorr Str+2
                  | Int+3}
 34759 | Spider:4 | Entered Level 4 of the Spider Nest
 34770 | Spider:4 | Noticed Nikola
 34779 | Spider:4 | Killed Nikola
 35056 | Spider:4 | Reached skill level 5 in Dodging
 35129 | Spider:4 | Identified the +1 pair of gloves of Calculation {Rampage}
 35467 | Spider:4 | Offered knowledge of Spellforged Servitor by Vehumet.
 35490 | Spider:4 | Reached skill level 10 in Fire Magic
 35576 | Spider:4 | Got a gossamer rune of Zot
 35981 | Spider:4 | Noticed Louise
 35988 | Spider:4 | Killed Louise
 36130 | Spider:4 | Noticed Arachne
 36136 | Spider:4 | Killed Arachne
 36450 | Spider:4 | Noticed Mara
 36453 | Spider:4 | Noticed MagicSucks's illusion
 36879 | Spider:4 | Noticed MagicSucks's illusion
 37254 | Spider:4 | Killed Mara
 37616 | Swamp:1  | Entered Level 1 of the Swamp
 37939 | Swamp:1  | Reached XP level 18. HP: 160/160 MP: 40/40
 38023 | Swamp:1  | Reached skill level 15 in Conjurations
 38988 | Swamp:1  | Reached skill level 11 in Fire Magic
 38988 | Swamp:1  | Reached XP level 19. HP: 168/168 MP: 41/41
 39531 | Swamp:2  | Found a transporter.
 39535 | Swamp:2  | Noticed GrimJard's ghost (adept GrEE)
 39648 | Swamp:2  | Reached skill level 5 in Armour
 39650 | Swamp:2  | Offered knowledge of Ozocubu's Refrigeration by Vehumet.
 39855 | Swamp:2  | Found a transporter.
 41437 | Swamp:4  | Entered Level 4 of the Swamp
 41437 | Swamp:4  | Noticed Roxanne
 41513 | Swamp:4  | Killed Roxanne
 42332 | Swamp:4  | Noticed the 27-headed Lernaean hydra
 42915 | Swamp:4  | Killed the 27-headed Lernaean hydra
 43129 | Swamp:4  | Identified the dragon-blood talisman of Purpose {rElec
                  | Str+2 Int+2 Stlth+}
 43215 | Swamp:4  | Got a decaying rune of Zot
 43612 | Elf:1    | Entered Level 1 of the Elven Halls
 43690 | Elf:1    | Identified the +1 robe "Xinevog" {rF+ Int+3}
 43832 | Elf:1    | Reached XP level 20. HP: 88/181 MP: 27/43
 43838 | Elf:1    | Identified the ring "Rydef" {+Blink rPois rF+ Int+3 Dex-2}
 44290 | Elf:1    | Found an ancient bone altar of Kikubaaqudgha.
 44481 | Elf:1    | Offered knowledge of Ignition by Vehumet.
 44557 | Elf:1    | Learned a level 8 spell: Ignition
 44758 | Elf:2    | Found a huge runed translucent gate.
 44760 | Elf:2    | Found a huge runed translucent gate.
 44765 | Elf:2    | Found a huge runed translucent gate.
 44766 | Elf:2    | Found a huge runed translucent gate.
 44766 | Elf:2    | Found a huge runed translucent gate.
 45688 | Elf:2    | Reached skill level 12 in Fire Magic
 46782 | Elf:2    | Identified the blade talisman of Foin {Str-5 Dex+2 Slay+3}
 47068 | Vaults:1 | Entered Level 1 of the Vaults
 47168 | Vaults:1 | Reached skill level 13 in Fire Magic
 47180 | Vaults:1 | Offered knowledge of Fire Storm by Vehumet.
 47180 | Vaults:1 | Offered knowledge of Shatter by Vehumet.
 47180 | Vaults:1 | Offered knowledge of Polar Vortex by Vehumet.
 47812 | Vaults:1 | Reached skill level 14 in Fire Magic
 47985 | Vaults:1 | Found Diqumarch's Weapon Boutique.
 48213 | Vaults:1 | Noticed Norris
 48291 | Vaults:1 | Killed Norris
 49088 | Vaults:1 | Reached XP level 21. HP: 162/188 MP: 45/45
 49089 | Vaults:1 | Reached skill level 15 in Fire Magic
 49107 | Vaults:1 | Noticed Saint Roka
 49135 | Vaults:1 | Killed Saint Roka
 49771 | Vaults:1 | Reached skill level 16 in Fire Magic
 50088 | Vaults:1 | Learned a level 9 spell: Fire Storm
 50098 | Vaults:1 | Learned a level 7 spell: Orb of Destruction
 50317 | Vaults:2 | Identified the +2 robe of Beyond {Str+3 Dex-4 Archmagi}
 50317 | Vaults:2 | Noticed Boris
 50322 | Vaults:2 | Killed Boris
 50537 | Vaults:2 | Found a staircase to the Crypt.
 50596 | Vaults:2 | Identified the +7 arbalest of Doom {heavy, rCorr Stlth+}
 50885 | Vaults:2 | Identified the +7 glaive of the Ship {flame, rPois Str+4}
 50921 | Vaults:2 | Reached skill level 17 in Fire Magic
 51852 | Vaults:2 | Found Goemmumukk's Jewellery Shoppe.
 51870 | Vaults:2 | Bought the amulet of Iqeduepn {+Inv Will++ Regen+} for 1044
                  | gold pieces
 52250 | Vaults:2 | Reached skill level 18 in Fire Magic
 53097 | Vaults:3 | Reached skill level 19 in Fire Magic
 53098 | Vaults:3 | Reached XP level 22. HP: 177/196 MP: 37/46
 54312 | Vaults:4 | Reached skill level 20 in Fire Magic
 54548 | Vaults:4 | Identified the amulet of Xoedox {Faith rN+}
 54795 | Vaults:4 | Found Ryebiosk's Antique Weapon Shop.
 55907 | Depths:1 | Entered Level 1 of the Depths
 55915 | Depths:1 | Found a gateway to Hell.
 56250 | Depths:1 | Found a one-way gateway to a ziggurat.
 56253 | Depths:1 | You fall into a shaft and drop 1 floor!
 56259 | Depths:2 | Noticed a caustic shrike
 56265 | Depths:2 | Killed a caustic shrike
 56414 | Depths:2 | Reached XP level 23. HP: 204/204 MP: 29/47
 56801 | Depths:1 | Found Faronlu's Distillery.
 56909 | Depths:1 | Bought 2 potions of curing for 90 gold pieces
 56909 | Depths:1 | Bought a potion of magic for 120 gold pieces
 56909 | Depths:1 | Bought a potion of curing for 45 gold pieces
 56909 | Depths:1 | Bought a potion of heal wounds for 75 gold pieces
 56909 | Depths:1 | Bought a potion of heal wounds for 75 gold pieces
 56909 | Depths:1 | Bought a potion of invisibility for 120 gold pieces
 56948 | Depths:1 | Noticed Sojobo
 56953 | Depths:1 | Reached skill level 21 in Fire Magic
 56958 | Depths:1 | Killed Sojobo
 58198 | Depths:2 | Found a one-way gate to the infinite horrors of the Abyss.
 58304 | Depths:2 | Found a one-way gate leading to the halls of Pandemonium.
 58525 | Depths:2 | Identified the +0 chain mail of Pantheism {Harm rC+ rN+
                  | Int+3}
 58828 | Depths:3 | Found a transporter.
 58828 | Depths:3 | Found a transporter.
 58884 | Depths:3 | Identified the ring "Waibruq" {Ice +Blink rElec Dex+2}
 58884 | Depths:3 | Noticed Josephina
 58887 | Depths:3 | Killed Josephina
 58951 | Depths:3 | Found a radiant altar of Vehumet.
 59895 | Depths:3 | Noticed a caustic shrike
 59907 | Depths:3 | Killed a caustic shrike
 60936 | Depths:3 | Identified the +3 plate armour "Kumifum" {Will++}
 61319 | Depths:3 | Noticed a golden dragon
 61326 | Depths:3 | Killed a golden dragon
 61523 | Depths:4 | Entered Level 4 of the Depths
 61620 | Depths:4 | Reached XP level 24. HP: 211/211 MP: 48/48
 61621 | Depths:4 | Reached skill level 10 in Dodging
 61621 | Depths:4 | Noticed a caustic shrike
 61623 | Depths:4 | Noticed a caustic shrike
 61623 | Depths:4 | Noticed a caustic shrike
 61624 | Depths:4 | Noticed a caustic shrike
 61626 | Depths:4 | Killed a caustic shrike
 61626 | Depths:4 | Killed a caustic shrike
 61629 | Depths:4 | Killed a caustic shrike
 61630 | Depths:4 | Killed a caustic shrike
 61702 | Depths:4 | Found Uzeledolopt's Weapon Shop.
 61825 | Depths:4 | Found a flickering gateway to a bazaar.
 61838 | Bazaar   | Entered a bazaar
 61838 | Bazaar   | Found Ruvib's Book Shop.
 61902 | Bazaar   | Found Yqe Vum's General Store.
 61936 | Bazaar   | Found Muiwk's Antique Weapon Shop.
 61943 | Bazaar   | Found Fulab's Antique Armour Shoppe.
 61982 | Bazaar   | Bought Great Wizards, Vol. II for 380 gold pieces
 61982 | Bazaar   | Bought the Anthology of Topological Kindling for 440 gold
                  | pieces
 61984 | Bazaar   | Learned a level 1 spell: Apportation
 62039 | Depths:4 | Found Bonner's Weapon Boutique.
 62041 | Depths:4 | Found Vihuos's Antique Armour Boutique.
 62139 | Depths:4 | Found Zeeghu's Assorted Antiques.
 62145 | Depths:4 | Bought a scroll of fear for 172 gold pieces
 62145 | Depths:4 | Bought a scroll of fear for 172 gold pieces
 62154 | Depths:4 | Bought a pair of distressingly furry gloves for 342 gold
                  | pieces
 62154 | Depths:4 | Identified the +2 pair of gloves "Piamush" {rCorr MP-9
                  | Slay+2} (You bought it in a shop on level 4 of the Depths)
 62636 | Depths:4 | Reached skill level 22 in Fire Magic
 62871 | Depths:4 | Identified the +10 trident "Kotic" {heavy, Will+ Str+6}
 63281 | Depths:4 | Found a gate to the Realm of Zot.
 64084 | Elf:3    | Entered Level 3 of the Elven Halls
 64090 | Elf:3    | Paralysed by an air elemental for 1 turns
 64375 | Elf:3    | Noticed Zenata
 64377 | Elf:3    | Noticed Bai Suzhen
 64380 | Elf:3    | Killed Zenata
 64386 | Elf:3    | Killed Bai Suzhen
 64808 | Elf:3    | Gained mutation: You are vulnerable to cold. (rC-) [a
                  | shining eye]
 64823 | Elf:3    | Lost mutation: You are vulnerable to cold. (rC-) [potion of
                  | mutation]
 64823 | Elf:3    | Gained mutation: You have a pair of small antennae on your
                  | head. [potion of mutation]
 64823 | Elf:3    | Gained mutation: You are strong-willed. (Will+) [potion of
                  | mutation]
 64823 | Elf:3    | Gained mutation: You have hidden genetic potential. [potion
                  | of mutation]
 64823 | Elf:3    | Gained mutation: Your mind is acute. (Int +4, Str/Dex -1)
                  | [potion of mutation]
 65708 | Elf:3    | Identified the +5 plate armour of Mezcal {-Tele Will+
                  | rCorr}
 65708 | Elf:3    | Identified the ring "Dexiucuwo" {^Drain rPois Will+ rCorr
                  | Stlth+}
 65710 | Elf:3    | Identified the +4 ring mail of Love and Death {rElec Str+4
                  | Dex-4 SInv}
 66104 | Elf:3    | Paralysed by an air elemental for 1 turns
 66237 | Elf:3    | Got Belae's Spellbook of the Geodesic and the Glacier
 66241 | Elf:3    | Got the Cyclopedia of Rallied Charms
 66250 | Elf:3    | Got the Handbook of Incinerated Gloom
 66757 | D:7      | Killed mopl's ghost
 66965 | Swamp:2  | Reached XP level 25. HP: 145/212 MP: 48/48
 66970 | Swamp:2  | Killed GrimJard's ghost
 67401 | Slime:1  | Entered Level 1 of the Pits of Slime
 68103 | Slime:3  | Gained mutation: You are weak. (Str -2) [a shining eye]
 69071 | Slime:4  | Lost mutation: You have hidden genetic potential. [a
                  | shining eye]
 69716 | Slime:5  | Entered Level 5 of the Pits of Slime
 69837 | Slime:5  | Reached skill level 23 in Fire Magic
 69839 | Slime:5  | Noticed the Royal Jelly
 69843 | Slime:5  | Killed the Royal Jelly
 70343 | Slime:5  | Got a slimy rune of Zot
 70526 | Slime:5  | Identified the +1 leather armour "Diplegos" {Harm Str+3}
 70530 | Slime:5  | Identified the ring of Ibbi Wics {*Slow rElec rF+ MP+9
                  | Str+2 Int+6}
 70534 | Slime:5  | Identified the amulet of Lisiuned {Harm rPois Regen+
                  | Slay+6}
 70566 | Slime:5  | Gained mutation: You are occasionally teleported next to
                  | monsters. [a shining eye]
 70570 | Slime:5  | Gained mutation: You sometimes lose your temper in combat.
                  | [a shining eye]
 70573 | Slime:5  | Lost mutation: Your mind is acute. (Int +4, Str/Dex -1)
                  | [potion of mutation]
 70573 | Slime:5  | Lost mutation: You are occasionally teleported next to
                  | monsters. [potion of mutation]
 70573 | Slime:5  | Gained mutation: Your tail ends in a venomous barb. [potion
                  | of mutation]
 70573 | Slime:5  | Gained mutation: Your natural rate of healing is unusually
                  | fast. [potion of mutation]
 70638 | Slime:5  | Lost mutation: Your tail ends in a venomous barb. [potion
                  | of mutation]
 70638 | Slime:5  | Lost mutation: You sometimes lose your temper in combat.
                  | [potion of mutation]
 70638 | Slime:5  | Lost mutation: Your natural rate of healing is unusually
                  | fast. [potion of mutation]
 70638 | Slime:5  | Gained mutation: Your movements are slightly less
                  | encumbered by armour. (ER -2) [potion of mutation]
 70638 | Slime:5  | Lost mutation: You are weak. (Str -2) [potion of mutation]
 70638 | Slime:5  | Gained mutation: Your spells are a little harder to cast,
                  | but a little more powerful. [potion of mutation]
 70774 | Slime:5  | Identified the staffearth of Amorality {^Fragile rCorr
                  | Int+5 Summ Earth}
 71104 | Slime:5  | Identified the +2 ring mail "Sotyn" {Will++}
 71106 | Slime:5  | Identified the +4 dire flail of the Lachrymose God {venom,
                  | rElec rF+ rCorr}
 71133 | Slime:5  | Learned a level 7 spell: Spellforged Servitor
 71472 | Vaults:5 | Entered Level 5 of the Vaults
 71549 | Vaults:5 | Reached skill level 24 in Fire Magic
 71553 | Vaults:5 | Reached XP level 26. HP: 179/226 MP: 33/48
 72506 | Vaults:5 | Got a silver rune of Zot
 72939 | Vaults:5 | Identified the +2 short sword of Resourcefulness {heavy,
                  | rPois Will- Dex+4}
 73071 | Vaults:5 | Identified the ring of Kaluuj {rPois Int+4 Dex+6}
 73245 | Vaults:5 | Found Ygab Vapp's Antique Armour Shoppe.
 73268 | Vaults:5 | Bought the +5 Storm Queen's Shield {shock, Fly rElec} for
                  | 1687 gold pieces
 73268 | Vaults:5 | Found the +5 Storm Queen's Shield {shock, Fly rElec}
 73320 | Vaults:5 | Identified the +7 trident of the Little People {antimagic,
                  | Fly rF- Dex+3}
 73663 | Zig:1    | Entered Level 1 of a ziggurat
 73697 | Zig:2    | Entered Level 2 of a ziggurat
 73714 | Zig:3    | Entered Level 3 of a ziggurat
 73750 | Zig:4    | Entered Level 4 of a ziggurat
 73764 | Zig:4    | Identified the staffconjuration "Taetoet" {rElec rCorr
                  | Conj}
 73810 | Zig:5    | Entered Level 5 of a ziggurat
 73865 | Zig:6    | Entered Level 6 of a ziggurat
 73945 | Zig:6    | Identified the +0 leather armour of the Narrow God {Fly rC-
                  | SInv}
 73963 | Zig:7    | Entered Level 7 of a ziggurat
 73969 | Zig:7    | Paralysed by an air elemental for 1 turns
 73977 | Zig:7    | Identified the +0 buckler of the Endless Expanse {+Blink
                  | Int+4}
 73981 | Zig:7    | Got the Cyclopedia of Shining Hyperthermia
 74095 | Zig:8    | Entered Level 8 of a ziggurat
 74101 | Zig:8    | Noticed an ancient lich
 74102 | Zig:8    | Noticed a dread lich
 74107 | Zig:8    | Killed a dread lich
 74108 | Zig:8    | Killed an ancient lich
 74109 | Zig:8    | Reached skill level 25 in Fire Magic
 74114 | Zig:8    | Identified the +2 spear of a Labyrinth {elec, rElec rF-
                  | Str+3}
 74164 | Zig:9    | Entered Level 9 of a ziggurat
 74171 | Zig:9    | Noticed Dam Ihog the pandemonium lord
 74172 | Zig:9    | Noticed a Killer Klown
 74173 | Zig:9    | Killed a Killer Klown
 74174 | Zig:9    | Killed Dam Ihog the pandemonium lord
 74200 | Zig:9    | Identified the +0 robe "Lingogox" {Will+}
 74208 | Zig:10   | Entered Level 10 of a ziggurat
 74215 | Zig:10   | Paralysed by a wendigo for 1 turns
 74217 | Zig:10   | Reached skill level 15 in Fighting
 74217 | Zig:10   | Found the +1 robe of Vines {NoPotionHeal Regen++++}
 74217 | Zig:10   | Paralysed by a wendigo for 1 turns
 74228 | Zig:10   | Identified the +0 cloak of Mysticism {rN+ rCorr Slay-3
                  | Stlth+}
 74247 | Zig:10   | Identified the ring "Wuasergh" {rElec rC+ Int-3 Dex+3}
 74250 | Zig:10   | Identified the staffair of Ancient Evil {rElec rC+++ Int-5
                  | Dex-4 Air Alchemy}
 74268 | Zig:11   | Entered Level 11 of a ziggurat
 74278 | Zig:11   | Reached XP level 27. HP: 249/249 MP: 48/48
 74299 | Zig:11   | Identified the +1 scale mail of the Orcish Mines {rElec
                  | Regen+}
 74305 | Zig:11   | Identified the +6 arbalest of Nivuec {penet, Fly Dex+3}
 74306 | Zig:11   | Identified the staffair of Premature Burial {rElec rC+
                  | Int+2 Air}
 74423 | Zig:12   | Entered Level 12 of a ziggurat
 74433 | Zig:12   | Noticed Ugixil the pandemonium lord
 74434 | Zig:12   | Killed Ugixil the pandemonium lord
 74883 | Zot:1    | Entered Level 1 of the Realm of Zot
 77227 | Zot:2    | Reached skill level 26 in Fire Magic
 79723 | Zot:4    | Found a transporter.
 80379 | Zot:4    | Found a transporter.
 80379 | Zot:4    | Found the +10 dark maul {heavy}
 80583 | Zot:4    | Noticed a dread lich
 80587 | Zot:4    | Noticed an orb of fire
 80596 | Zot:4    | Killed an orb of fire
 80598 | Zot:4    | Killed a dread lich
 80756 | Zot:4    | Identified the ring "Tiufaidy" {Wiz rPois rC- rN+}
 80765 | Zot:4    | Identified the ring "Roagh" {MP+9 Str+3 Dex+4}
 80866 | Zot:5    | Entered Level 5 of the Realm of Zot
 81030 | Zot:5    | Noticed a dread lich
 81032 | Zot:5    | Killed a dread lich
 81032 | Zot:5    | Noticed an orb of fire
 81037 | Zot:5    | Noticed an orb of fire
 81042 | Zot:5    | Killed an orb of fire
 81043 | Zot:5    | Killed an orb of fire
 81045 | Zot:5    | Noticed an orb of fire
 81226 | Zot:5    | Acquired a +0 tower shield of reflection
 81340 | Zot:5    | Reached skill level 27 in Fire Magic
 81987 | Zot:5    | Noticed a dread lich
 81989 | Zot:5    | Killed a dread lich
 82191 | Zot:5    | Noticed an orb of fire
 82200 | Zot:5    | Killed an orb of fire
 82203 | Zot:5    | Noticed an orb of fire
 82207 | Zot:5    | Gained mutation: You are clumsy. (Dex -2) [an orb of fire]
 82211 | Zot:5    | Killed an orb of fire
 82510 | Zot:5    | Noticed an orb of fire
 82517 | Zot:5    | Killed an orb of fire
 82569 | Zot:5    | Noticed an ancient lich
 82574 | Zot:5    | Killed an ancient lich
 82817 | Zot:5    | Noticed an orb of fire
 82824 | Zot:5    | Killed an orb of fire
 83233 | Zot:5    | Noticed an orb of fire
 83237 | Zot:5    | Gained mutation: You sometimes lose your temper in combat.
                  | [an orb of fire]
 83239 | Zot:5    | Killed an orb of fire
 83239 | Zot:5    | Killed an orb of fire
 83570 | Zot:5    | Got the Orb of Zot
 83884 | D:13     | Noticed a seraph
 83891 | D:13     | Killed a seraph
 83945 | D:10     | Noticed Qoalez the pandemonium lord
 83948 | D:10     | Killed Qoalez the pandemonium lord
 84018 | D:8      | Noticed a seraph
 84026 | D:8      | Killed a seraph
 84223 | D:2      | Gained mutation: You have hidden genetic defects. [a
                  | cacodemon]
 84253 | D:$      | Escaped with the Orb!

Illustrated notes

Levels and vault maps discovered:
D:1:      onia_arrival_handbag, layout_basic, minmay_misc_feat_roman
D:2:      minmay_wonky_spiral, layout_rooms
D:3:      layout_rooms, fedhas_altar_3, trog_three_pillars_becter,
          kennysheep_orc_chapel, uniq_ijyb
D:4:      layout_basic, okawaru_gym_becter, nicolae_uskayaw_dance_hall,
          uniq_edmund, uniq_sigmund
D:5:      layout_basic, mainiacjoe_overflow_catwalk_spiral
D:6:      layout_rooms, mainiacjoe_overflow_cross_hatched,
          serial_library_hellmonk_filled_rooms
D:7:      layout_cave_pools, nicolae_ru_path_of_blood,
          minmay_temple_entry_trees, gammafunk_ghost_stat_death, grunt_potential
D:8:      layout_loops_ring, kennysheep_generic_room_15
D:9:      layout_rooms, mainiacjoe_overflow_24_doors, enter_bailey_5,
          minmay_pinched_square, uniq_gastronok
D:10:     layout_loops_ring, mainiacjoe_overflow_alcove_1,
          minmay_lair_entry_grove, serial_bayou_pond_d, palyth_stone_intersect
D:11:     layout_loops_ring, david_orc_2, serial_shops, nicolae_shop_peninsula,
          shop_statue, hellmonk_guarded_unrand_salamander
D:12:     layout_rooms, serial_shops, nicolae_shop_pleasant_corner_grove
D:13:     layout_long_grid, erik_vaults_2
D:14:     layout_gridville, skrybe_limestone_x, gauntlet_entry_generic,
          nicolae_sif_muna_little_library
D:15:     gammafunk_depths_entry_grave, layout_basic,
          nicolae_qazlal_scattered_showers
Lair:1:   layout_concentric_octagons, basic_altar, pond, grunt_megastairs_5,
          lemuel_fruit_fields, uniq_maggie
Lair:2:   nzn_winding_woodlands_stair_trap [nzn_winding_woodlands_5x15_twine,
          nzn_winding_woodlands_5x15_eye,
          nzn_winding_woodlands_5x15_river_crossing,
          nzn_winding_woodlands_15x15_boxy_spiral,
          nzn_winding_woodlands_5x15_jagged,
          nzn_winding_woodlands_5x15_sidewinder,
          nzn_winding_woodlands_5x15_pool], layout_gridlike,
          mainiacjoe_swamp_entry_angry_trees
Lair:3:   wander_river, layout_regular_city, spider_nest_entry_funnel_web,
          serial_bayou_ford_a, lemuel_fruit_fields, lemuel_fruit_fields,
          serial_bayou_shore_b
Lair:4:   layout_layer_cave, dpeg_slime_entry_corner, uniq_sonja
Lair:5:   gammafunk_lair_ancient_temple, layout_cave_pods, uniq_nessos
Swamp:1:  regret_index_all_hallows'_manor, layout_basic_swamp,
          nicolae_swamp_feature_on_the_river_bank
Swamp:2:  layout_basic_swamp, gammafunk_ghost_mausoleum,
          evilmike_swamp_ruin_rubble_2
Swamp:3:  layout_basic_swamp, evilmike_swamp_ruin_house_5
Swamp:4:  swamp_old_school, layout_basic_swamp, swamp_pool_3,
          infiniplex_staircase_pool, uniq_roxanne
Spider:1: layout_spider_delve, ebering_ghost_disaster_area,
          nicolae_spider_rock_and_or_roll, uniq_azrael
Spider:2: gammafunk_boulding_lane
Spider:3: layout_cave_pods
Spider:4: guppyfry_spider_rune, portal_ice_cave_entry_ice_statue_two,
          uniq_arachne, uniq_mara, uniq_louise, uniq_nikola
Slime:1:  layout_caves, cheibrodos_slime_lost_civilization_5
Slime:2:  layout_caves
Slime:3:  nicolae_slime_pool, layout_caves
Slime:4:  layout_caves, nicolae_slime_phagocytosis
Slime:5:  slime_pit_nicolae_inversion
Orc:1:    layout_caves, mines5_lemuel
Orc:2:    st_orc_rangers, layout_diamond_mine, mines4_lemuel
Elf:1:    nicolae_elf_arrival_fired_up, layout_loops_cross,
          kennysheep_underground_church, lemuel_statue_altar
Elf:2:    elven_hall_of_blades_hangedman_alternative
          [nicolae_vaults_blade_armed_guards], layout_geoelf_diagonals
Elf:3:    minmay_elf_hall_statues, layout_geoelf_grid,
          serial_library_regret_index_split_case, solitary_fountain,
          uniq_zenata, uniq_bai_suzhen
Vaults:1: dpeg_vaults_monster_row, grunt_vaults_swirl, nicolae_vaults_big_ls,
          nicolae_vaults_wine_cellar, nicolae_vaults_arrows,
          nicolae_vaults_closet_pinwheel_4, nicolae_vaults_little_squares_4,
          nicolae_vaults_apartment_2, ontoclasm_vaults_ligature,
          hangedman_vaults_impose, nicolae_vaults_offset_grid_hallway_3,
          vaults_room_mumra_shop_pool, nicolae_vaults_tetromino_Z_2,
          nicolae_vaults_specimen_jars, layout_vaults_maze_snakey,
          uniq_saint_roka, uniq_norris
Vaults:2: nicolae_vaults_surprise_closet, vaults_room_ringed_pool,
          nicolae_vaults_layer_cake_slice, minmay_crypt_entry_simple_box,
          v_alt_pattern_5, nicolae_vaults_mitosis, vaults_room_door_hall,
          vaults_standard_mumra_x, nicolae_vaults_lightning_bolt,
          nicolae_vaults_yaktaur_gun_rack, nicolae_vaults_prndl,
          kennysheep_ogre_elephant_herders, layout_vaults_ring, serial_shops,
          nicolae_shop_peninsula, serial_glass, uniq_boris
Vaults:3: v_misc_10, v_rooms_2, nicolae_vaults_border_crossing, v_misc_16,
          v_misc_8, v_misc_24, nicolae_vaults_storage_closets_2,
          nicolae_vaults_triangles, grunt_vaults_focal,
          ontoclasm_vaults_ring_square, nicolae_vaults_ellipses_ellipsis,
          vaults_dpeg_ring, ontoclasm_vaults_twist, layout_vaults_big_room
Vaults:4: ontoclasm_vaults_shuriken, v_pattern_3,
          nicolae_vaults_little_squares_1, nicolae_vaults_surprise_closet,
          nicolae_vaults_house_2, nicolae_vaults_stepped_doors,
          nicolae_vaults_heart-shaped_vault, vaults_room_semicircle,
          layout_vaults_omnigrid, serial_shops, shop_fountains
Vaults:5
Depths:1: layout_twisted_cross, enter_ziggurat_c, hell_entry, serial_shops,
          shop, mu_enter_wizlab_7, drop_trap, kennysheep_diamond,
          hangedman_decor_peaks_small, lemuel_nasty_fountain, uniq_sojobo
Depths:2: minmay_crescents, layout_gridville, abyss_entry_small_statue_room,
          rand_demon_pan_entry_9, pf_dread_powers_of_hell,
          infiniplex_staircase_zigzag_5, firewood_loft
Depths:3: minmay_quantized_circle, layout_gridlike, nicolae_vehumet_altar_sigil,
          hangedman_coc_ice_floe, hangedman_abyss_entry_splay,
          nicolae_diode_stairs, uniq_josephina
Depths:4: evilmike_zot_entry_gauntlet, layout_gridlike, lightli_too_deep,
          hangedman_decor_points, serial_shops, bzr_entry_safe,
          rand_demon_pan_entry_1, kennysheep_pointless_box, hex_tiny, drop_trap,
          minmay_shoptagon, serial_bayou_shore_b
Zot:1:    kennysheep_bubbly, layout_misc_corridors, lemuel_golem_globe
Zot:2:    layout_misc_corridors
Zot:3:    layout_concentric_octagons
Zot:4:    gammafunk_dig_for_victory, layout_twisted_circle
Zot:5:    layout_misc_corridors, hangedman_zot_decor_slant,
          regret_index_zotdec_zees, grunt_ministairs_9, bh_zot_lava_cross

Skill      XL: |  1  2  3  4  5  6  7  8  9 10 11 12 13 14 15 16 17 18 19 20 21 22 23 24 25 26 27 |
---------------+----------------------------------------------------------------------------------+-----
Alchemy        | 4 5 6 7 8 |  8.3
Conjurations   | 2 3 4 5 7 9 10 11 12 13 14 15 16 17 18 20 21 24 | 24.5
Spellcasting   | 3 4 5 6 7 8 10 12 14 15 17 18 19 20 21 22 | 22.7
Fighting       | 2 4 5 7 9 10 11 15 20 | 20.7
Fire Magic     | 2 3 4 6 8 10 11 14 19 20 21 22 24 25 27 | 27.0
Earth Magic    | 3 5 7 |  7.0
Dodging        | 2 3 6 8 9 11 12 | 12.1
Armour         | 2 3 4 6 |  6.1
Shields        | 2 5 7 8 9 |  9.0
Stealth        | |  3.0

Action                     |  1- 3 |  4- 6 |  7- 9 | 10-12 | 13-15 | 16-18 | 19-21 | 22-24 | 25-27 || total
---------------------------+-------+-------+-------+-------+-------+-------+-------+-------+-------++-------
  Melee: Unarmed           |    15 |    28 |       |       |       |       |       |       |       ||    43
         Staff             |       |       |    22 |    65 |    37 |   134 |   152 |   122 |   102 ||   634
         Constrict         |       |       |       |       |    15 |    60 |    47 |    30 |    21 ||   173
   Cast: Sting             |    55 |    49 |   135 |    52 |       |       |       |       |       ||   291
         Mercury Vapours   |     2 |     9 |     9 |     1 |     4 |       |       |       |       ||    25
         Olgreb's Toxic Ra |       |       |    18 |    78 |    61 |    93 |     6 |       |       ||   256
         Sticky Flame      |       |       |     6 |    20 |     9 |       |       |       |       ||    35
         Stone Arrow       |       |       |       |   158 |   355 |    41 |       |       |       ||   554
         Arcjolt           |       |       |       |       |    30 |    11 |    10 |    10 |     4 ||    65
         Fireball          |       |       |       |       |    12 |    33 |    10 |     1 |       ||    56
         Starburst         |       |       |       |       |     2 |    54 |    32 |     2 |       ||    90
         Bombard           |       |       |       |       |       |    39 |   363 |   369 |   400 ||  1171
         Plasma Beam       |       |       |       |       |       |     5 |       |       |       ||     5
         Ignition          |       |       |       |       |       |       |    38 |   159 |   183 ||   380
         Orb of Destructio |       |       |       |       |       |       |     2 |     4 |     5 ||    11
         Fire Storm        |       |       |       |       |       |       |       |       |    96 ||    96
Ability: Spit Poison       |    16 |    16 |    17 |    11 |     1 |       |       |       |       ||    61
  Evoke: Wand              |       |       |     9 |     9 |    11 |     8 |    11 |    12 |    15 ||    75
    Use: Scroll            |       |     3 |     3 |     2 |    10 |    12 |     6 |     9 |    22 ||    67
         Potion            |       |       |     1 |     1 |       |     2 |     1 |     5 |     9 ||    19
   Stab: Sleeping          |       |       |       |       |       |     1 |     2 |       |       ||     3
         Distracted        |       |       |       |       |       |     1 |     2 |       |       ||     3
 Armour: Robe              |    22 |    71 |   107 |   180 |       |       |       |       |       ||   380
         Leather armour    |       |       |       |     8 |   233 |   286 |   240 |   317 |   404 ||  1488
  Dodge: Dodged            |    21 |    43 |    46 |    86 |    62 |    72 |    50 |    70 |    93 ||   543
  Block: Other             |       |       |       |    39 |    39 |       |       |       |       ||    78
         Reflection        |       |       |       |     3 |    19 |    22 |    30 |       |       ||    74
         Buckler           |       |       |       |       |    12 |    55 |       |       |       ||    67
         Kite shield       |       |       |       |       |       |   164 |   194 |   174 |   214 ||   746

Table legend: (Time is in decaauts)
 A = Elapsed time spent in this place.
 B = Non-inter-level travel time spent in this place.
 C = Inter-level travel time spent in this place.
 D = Time resting spent in this place.
 E = Time spent auto-exploring this place.
 F = Levels seen in this place.
 G = Mean time per level.
                   A        B        C        D        E       F      G
               +--------+--------+--------+--------+--------+-----+--------+
         Total | 100411 |  91930 |   8481 |  12691 |  65633 |  67 | 1498.7 |
       Dungeon |  24572 |  22456 |   2116 |   3642 |  15488 |  15 | 1638.1 |
          Lair |  11904 |   9463 |   2441 |    552 |   7877 |   5 | 2380.8 |
         Swamp |   6751 |   6447 |    304 |    771 |   4787 |   4 | 1687.8 |
   Spider Nest |   7169 |   6669 |    500 |    754 |   4943 |   4 | 1792.2 |
    Slime Pits |   4673 |   4418 |    255 |    454 |   3402 |   5 |  934.6 |
  Orcish Mines |   2347 |   2055 |    292 |    289 |   1465 |   2 | 1173.5 |
   Elven Halls |   6754 |   5973 |    781 |    744 |   4482 |   3 | 2251.3 |
        Vaults |  12750 |  12293 |    457 |   1112 |   9727 |   5 | 2550.0 |
        Depths |   9870 |   8972 |    898 |   1221 |   6275 |   4 | 2467.5 |
           Zot |  10075 |   9642 |    433 |   1864 |   6198 |   5 | 2015.0 |
      Ziggurat |   1165 |   1165 |      0 |    550 |     47 |  12 |   97.1 |
        Bazaar |    212 |    212 |      0 |      0 |    130 |   1 |  212.0 |
        Bailey |   1452 |   1452 |      0 |    494 |    532 |   1 | 1452.0 |
      Gauntlet |    711 |    711 |      0 |    242 |    274 |   1 |  711.0 |
               +--------+--------+--------+--------+--------+-----+--------+

Top non-repeatable levels by time:
  Lair:2: 3553 daAuts
Vaults:1: 3504 daAuts
Depths:3: 3339 daAuts
   Zot:5: 3202 daAuts
Vaults:4: 2934 daAuts
   Elf:2: 2757 daAuts
Depths:4: 2648 daAuts
Spider:4: 2635 daAuts
Vaults:2: 2631 daAuts
  Lair:1: 2435 daAuts
  Lair:5: 2355 daAuts
   Elf:3: 2316 daAuts
     D:5: 2273 daAuts
    D:15: 2246 daAuts
    D:11: 2174 daAuts
